 Dungeon Crawl Stone Soup version 0.32-a0-18-g89e19f1974 (webtiles) character file.

Game seed: 2868877550352147012

885 Essalna the Digger (level 8, -2/41 HPs)
             Began as a Gargoyle Earth Elementalist on Jan 16, 2024.
             Slain by a yak (12 damage)
             ... on level 5 of the Dungeon.
             The game lasted 00:08:24 (4010 turns).

Essalna the Digger (Gargoyle Earth Elementalist)    Turns: 4010, Time: 00:08:24

Health: -2/41      AC: 10    Str: 18    XL:     8   Next: 5%
Magic:  9/14       EV: 11    Int: 18    God:
Gold:   224        SH:  0    Dex: 10    Spells: 11/15 levels left

rFire   . . .        (no weapon)
rCold   . . .        (no shield)
rNeg    + . .        a - +0 robe
rPois   ∞            (no helmet)
rElec   +            n - +0 cloak
rCorr   .            (no gloves)
SInv    .            i - +1 pair of boots
Will    .....        (no amulet)
Stlth   ++           r - +6 ring of strength
HPRegen 0.26/turn    (no ring)
MPRegen 0.14/turn

%: no passive effects
@: very slightly contaminated
A: sickness immunity, AC +5, negative energy resistance 1, electricity
resistance, torment resistance 1, petrification resistance
a: no special abilities


You were on level 5 of the Dungeon.
You visited 1 branch of the dungeon, and saw 5 of its levels.

You collected 224 gold pieces.

Inventory:

Armour
 a - a +0 robe (worn)
 i - a +1 pair of boots (worn)
 n - a +0 cloak (worn)
Jewellery
 r - a +6 ring of strength (left hand)
Talismans
 k - a talisman of death
Wands
 l - a wand of mindburst (9)
Scrolls
 c - a scroll of brand weapon
 m - a scroll of enchant weapon
Potions
 e - a potion of lignification
 f - a potion of heal wounds {unknown}
 g - 2 potions of haste
 j - a potion of might {unknown}
 o - 2 potions of curing {unknown}


   Skills:
 - Level 1.5 Dodging
 - Level 2.1 Stealth
 - Level 4.0 Spellcasting
 + Level 6.2 Conjurations
 + Level 7.6 Earth Magic


You had 11 spell levels left.
You knew the following spells:

 Your Spells              Type           Power      Damage    Failure   Level
a - Sandblast             Erth           62%        2d14      1%          1
b - Stone Arrow           Conj/Erth      56%        3d10      2%          3

Your spell library contained the following spells:

 Spells                   Type           Power      Damage    Failure   Level
 Magic Dart               Conj           100%       1d8       1%          1
 Searing Ray              Conj           52%        2d6       1%          2
 Passwall                 Erth           31%        N/A       1%          3
 Brom's Barrelling Bould  Conj/Erth      28%        2d5       9%          4
 Ensorcelled Hibernation  Hex/Ice        6%         N/A       22%         2
 Petrify                  Alch/Erth      17%        N/A       30%         4
 Fulminant Prism          Conj/Alch      7%         3d7       38%         4
 Swiftness                Air            3%         N/A       41%         3


Dungeon Overview and Level Annotations

Branches:
Dungeon (5/15)
 Temple: D:4-7

Altars:
Kikubaaqudgha
Qazlal
Uskayaw


Innate Abilities, Weirdness & Mutations

You are immune to sickness and miasma.
Your stone body is resilient. (AC +5)
You are immune to poison.
You resist negative energy. (rN+)
You are resistant to electric shocks. (rElec)
You are resistant to unholy torment.
You are immune to petrification.


Message History

Casting: Sandblast (safe; 1% risk of failure)
Confirm with . or Enter, or press ? or * to list all spells.
Aiming: Sandblast (safe; 1% risk of failure)
Press: ? - help, Shift-Dir - straight line, f/p - shadow imp
Aim: a shadow imp (almost dead, 82% to hit)
The blast of sand hits the shadow imp!
You kill the shadow imp!
Casting: Sandblast (safe; 1% risk of failure)
Confirm with . or Enter, or press ? or * to list all spells.
Aiming: Sandblast (safe; 1% risk of failure)
Press: ? - help, Shift-Dir - straight line, f - yak
Aim: a yak (90% to hit)
You miscast Sandblast.
You are very lightly contaminated with residual magic.
Nothing appears to happen.
The yak gores you.
* * * LOW HITPOINT WARNING * * *
Casting: Sandblast (safe; 1% risk of failure)
Confirm with . or Enter, or press ? or * to list all spells.
Aiming: Sandblast (safe; 1% risk of failure)
Press: ? - help, Shift-Dir - straight line, f/p - yak
Aim: a yak (90% to hit)
The blast of sand hits the yak but does no damage.
The yak barely misses you. The yak gores you but does no damage.
Casting: Sandblast (safe; 1% risk of failure)
Confirm with . or Enter, or press ? or * to list all spells.
Aiming: Sandblast (safe; 1% risk of failure)
Press: ? - help, Shift-Dir - straight line, f/p - yak
Aim: a yak (90% to hit)
The blast of sand hits the yak!
The yak is moderately wounded.
The yak misses you.
Casting: Sandblast (safe; 1% risk of failure)
Confirm with . or Enter, or press ? or * to list all spells.
Aiming: Sandblast (safe; 1% risk of failure)
Press: ? - help, Shift-Dir - straight line, f/p - yak
Aim: a yak (moderately wounded, 90% to hit)
The blast of sand hits the yak but does no damage.
The yak is moderately wounded.
The yak gores you!
You die...

##.##.#..#... #....#..#.....#.###
.....##.5............# ....
#.........#....# ...
#.....#.#......# ..
#.......#.#.>..# .
#.........#....## ###
#.......###.....## ..
###.#.#..Y@......#####.####
#.......###......##.##....#
##.###..# ......##.# ....# ####
#P.P##..# ########.###...#
...####≈Y≈##..# ###..##...#
♣.♣.##≈≈.≈≈#### ###.........#
....P≈≈≈.≈≈≈P########...##.##...#
.8........Y................##...#
....P≈≈≈.≈≈≈P#..#############.<.#


You could see a yak.

Vanquished Creatures
  2 yaks (D:5)
  Menkaure (D:5)
  An ice beast (D:5)
  3 bombardier beetles
  A jelly (D:5)
  Crazy Yiuf (D:2)
  Ijyb (D:5)
  2 sleepcaps
  5 adders
  A shadow imp (D:5)
  2 ufetubi (D:5)
  A ribbon worm (D:3)
  3 dart slugs
  3 orcs
  6 ball pythons
  8 bats
  6 endoplasms
  4 giant cockroaches
  5 hobgoblins
  4 jackals (D:3)
  2 kobolds
  3 quokkas
  3 frilled lizards
  8 goblins
  5 rats
81 creatures vanquished.

Notes
Turn   | Place    | Note
-------+----------+-------------------------------------------
     0 | D:1      | Essalna the Gargoyle Earth Elementalist began the quest for
                  | the Orb.
     0 | D:1      | Reached XP level 1. HP: 10/10 MP: 3/3
   383 | D:1      | Reached XP level 2. HP: 15/15 MP: 3/5
   480 | D:1      | Reached skill level 4 in Earth Magic
   742 | D:2      | Reached XP level 3. HP: 19/19 MP: 1/6
   934 | D:2      | Learned a level 3 spell: Stone Arrow
  1210 | D:2      | Found a faded altar of an unknown god.
  1628 | D:2      | Found a runed translucent door.
  1629 | D:2      | Noticed Crazy Yiuf
  1634 | D:2      | Killed Crazy Yiuf
  1635 | D:2      | Reached XP level 4. HP: 16/24 MP: 8/8
  2101 | D:3      | Found a stormy altar of Qazlal.
  2166 | D:3      | Reached XP level 5. HP: 27/28 MP: 0/9
  2263 | D:3      | Reached skill level 5 in Earth Magic
  2295 | D:3      | Found an ancient bone altar of Kikubaaqudgha.
  2805 | D:4      | Noticed a +0 dagger
  2807 | D:4      | Noticed a +0 falchion
  2807 | D:4      | Noticed a +0 dagger
  2835 | D:4      | Reached XP level 6. HP: 32/32 MP: 8/11
  3185 | D:4      | Noticed a +0 short sword
  3185 | D:4      | Noticed a +0 spear
  3186 | D:4      | Noticed a +0 falchion
  3191 | D:4      | Noticed a +0 short sword
  3197 | D:4      | Noticed a +0 spear
  3210 | D:4      | Found a hide-covered altar of Uskayaw.
  3594 | D:5      | Entered Level 5 of the Dungeon
  3638 | D:5      | Noticed Ijyb
  3663 | D:5      | Killed Ijyb
  3802 | D:5      | Noticed an ice beast
  3804 | D:5      | Noticed Menkaure
  3807 | D:5      | Killed an ice beast
  3808 | D:5      | Reached skill level 6 in Earth Magic
  3810 | D:5      | Killed Menkaure
  3810 | D:5      | Noticed a yak
  3811 | D:5      | Reached skill level 5 in Conjurations
  3811 | D:5      | Reached XP level 7. HP: 3/36 MP: 4/13
  3822 | D:5      | Noticed a yak
  3927 | D:5      | Noticed a yak
  3998 | D:5      | Killed a yak
  3999 | D:5      | Reached skill level 7 in Earth Magic
  4003 | D:5      | Killed a yak
  4004 | D:5      | Reached XP level 8. HP: 14/41 MP: 5/14
  4010 | D:5      | Slain by a yak

Illustrated notes

Levels and vault maps discovered:
D:1:      dpeg_arrival_tiny_c, layout_basic
D:2:      kb_forest_paths, layout_basic, basic_ecumenical_altar,
          minmay_misc_feat_four_crosses, uniq_crazy_yiuf_cottage
D:3:      layout_rooms, lemuel_crystal_altar, mainiacjoe_overflow_alcove_2
D:4:      layout_basic, nicolae_uskayaw_en_pointe
D:5:      layout_rooms, marbit_many_paths, serial_shops, shop,
          gup_sewer_entry_glass, dreamdust_princess_bridge, uniq_menkaure,
          uniq_ijyb

Skill      XL: |  1  2  3  4  5  6  7 |
---------------+----------------------+-----
Earth Magic    | 4 5 6 7 |  7.6
Conjurations   | 2 3 5 6 |  6.2
Spellcasting   | 3 4 |  4.0
Dodging        | |  1.5
Stealth        | |  2.1

Action                     |  1- 3 |  4- 6 |  7- 9 || total
---------------------------+-------+-------+-------++-------
  Melee: Unarmed           |     1 |     2 |       ||     3
   Cast: Sandblast         |    44 |    77 |    19 ||   140
  Evoke: Wand              |     2 |       |       ||     2
    Use: Scroll            |       |    10 |       ||    10
         Potion            |       |       |     1 ||     1
 Armour: Robe              |     4 |    25 |     9 ||    38
  Dodge: Dodged            |     7 |    30 |    11 ||    48

Table legend: (Time is in decaauts)
 A = Elapsed time spent in this place.
 B = Non-inter-level travel time spent in this place.
 C = Inter-level travel time spent in this place.
 D = Time resting spent in this place.
 E = Time spent auto-exploring this place.
 F = Levels seen in this place.
 G = Mean time per level.
                   A        B        C        D        E       F      G
               +--------+--------+--------+--------+--------+-----+--------+
         Total |   4078 |   3728 |    350 |      0 |   3160 |   5 |  815.6 |
       Dungeon |   4078 |   3728 |    350 |      0 |   3160 |   5 |  815.6 |
               +--------+--------+--------+--------+--------+-----+--------+

Top non-repeatable levels by time:
     D:4: 1129 daAuts
     D:2: 1112 daAuts
     D:3: 853 daAuts
     D:1: 738 daAuts
     D:5: 244 daAuts
